 Dungeon Crawl Stone Soup version 0.29-a0-648-g6b26cc9 (webtiles) character file.

Game seed: 11305107856517515906

26 Dawnplanks the Bolt Thrower (level 2, -2/22 HPs)
             Began as a Demonspawn Hunter on June 20, 2022.
             Slain by an orc
             ... wielding a +0 short sword
              (3 damage)
             ... on level 1 of the Dungeon.
             The game lasted 00:01:33 (718 turns).

Dawnplanks the Bolt Thrower (Demonspawn Hunter)      Turns: 718, Time: 00:01:33

Health: -2/22      AC:  7    Str: 11    XL:     2   Next: 89%
Magic:  2/2        EV: 10    Int: 10    God:
Gold:   55         SH:  0    Dex: 16    Spells: 1/1 levels left

rFire   . . .      SeeInvis .   a - +1 hand crossbow
rCold   . . .      Faith    .   (no shield)
rNeg    . . .      Spirit   .   i - +0 ring mail
rPois   .          Reflect  .   (no helmet)
rElec   .          Harm     .   (no cloak)
rCorr   .          Rampage  .   (no gloves)
Will    .....                   (no boots)
Stlth   +.........              (no amulet)
HPRegen 0.07/turn               (no ring)
MPRegen 0.08/turn               (no ring)

@: lethally poisoned (-2 -> -7)
A: thin metallic scales 1
a: no special abilities


You were on level 1 of the Dungeon.
You visited 1 branch of the dungeon, and saw 2 of its levels.

You collected 55 gold pieces.

Inventory:

Hand Weapons
 a - a +1 hand crossbow (weapon)
 g - a +0 short sword of electrocution
Armour
 i - a +0 ring mail (worn)
Scrolls
 d - a scroll of magic mapping {unknown}
 e - a scroll of teleportation {unknown}
 f - a scroll of fog
 h - a scroll of amnesia {unknown}


   Skills:
 + Level 2.2 Fighting
 + Level 4.3 Crossbows
 + Level 1.9 Dodging
 - Level 0.8 Stealth


You had one spell level left.
You didn't know any spells.
Your spell library contained the following spells:

 Spells                   Type           Power      Damage    Failure   Level
 Foxfire                  Conj/Fire      0%         2x1d4     67%         1
 Conjure Flame            Conj/Fire      0%         6-21      95%         3
 Inner Flame              Hex/Fire       0%         N/A       95%         3
 Flame Wave               Conj/Fire      0%         2d4       100%        4


Dungeon Overview and Level Annotations

Branches:
Dungeon (2/15)

Altars:


Innate Abilities, Weirdness & Mutations

You are partially covered in thin metallic scales. (AC +2)


Message History

You shoot a bolt. The bolt closely misses the orc wizard.
The orc hits you but does no damage. The orc wizard casts a spell at you.
You are confused.
You shoot a bolt. The bolt hits the orc wizard!
The orc wizard is severely wounded.
The orc hits you but does no damage. x2
The goblin hits you but does no damage.
The orc wizard hits you with a +0 dagger.
The orc hits you with a +0 flail. The orc closely misses you.
The orc hits you but does no damage.
The orc wizard hits you with a +0 dagger.
The orc hits you but does no damage. The goblin barely misses you.
The orc hits you with a +0 flail. The orc hits you with a +0 mace.
The goblin hits you but does no damage. The orc barely misses you.
The orc wizard barely misses you.
You climb upwards.
There is a stone staircase leading down here.
You shoot a bolt.
You feel less confused. The orc hits you but does no damage.
The orc wizard hits you but does no damage.
The orc hits you but does no damage.
The goblin hits you with a +2 dagger of venom.
You are lethally poisoned!
The orc hits you with a +0 mace.
* * * LOW HITPOINT WARNING * * *
Unknown command.
As you read the scroll of immolation, it crumbles to dust.
The creatures around you are filled with an inner flame!
* * * LOW HITPOINT WARNING * * *
You feel sick. The orc hits you with a +0 short sword.
* * * LOW HITPOINT WARNING * * *
The orc wizard closely misses you. The orc closely misses you.
The goblin barely misses you. The orc closely misses you.
As you read the scroll labelled HIEG MEAQ KOSTRU, it crumbles to dust.
The scroll dissolves into smoke.
It was a scroll of fog.
* * * LOW HITPOINT WARNING * * *
You feel sick. The orc hits you with a +0 short sword.
You die...

#.............≈≈PP
#.............≈≈≈≈
#......)..≈...≈≈≈≈
#........≈≈....≈≈≈
####.##÷♣♣≈P...≈≈≈
#.......♣≈≈....≈≈≈
#.§..#.♣♣≈P...≈≈≈≈
#oo..#.♣♣≈≈≈...≈≈≈
####@o....♣♣≈P≈...P≈≈
#..§go§.#.♣♣P≈≈..≈.≈≈
####§.####♣♣≈≈≈...^≈≈
#.........♣♣≈≈≈..≈≈≈
#.##.#.#.#.♣♣≈≈...≈♣
#.##.#......≈♣≈..♣≈#
#..†÷#####...≈≈.....
###### #...≈♣.....
#####....#.


You could see an orc wizard (inner flame), 3 orcs and a goblin (inner flame).

Vanquished Creatures
  3 endoplasms (D:1)
  4 goblins (D:1)
  2 hobgoblins (D:1)
  3 jackals (D:1)
  2 ball pythons (D:1)
  4 bats (D:1)
  2 kobolds (D:1)
  2 rats (D:1)
22 creatures vanquished.

Notes
Turn   | Place    | Note
-------+----------+-------------------------------------------
     0 | D:1      | Dawnplanks the Demonspawn Hunter began the quest for the
                  | Orb.
     0 | D:1      | Reached XP level 1. HP: 16/16 MP: 1/1
   233 | D:1      | Reached skill level 4 in Crossbows
   233 | D:1      | Gained mutation: You are partially covered in thin metallic
                  | scales. (AC +2) [demonic ancestry]
   233 | D:1      | Reached XP level 2. HP: 22/22 MP: 2/2
   718 | D:1      | HP: 1/22 [poisoned by a goblin]
   718 | D:1      | Slain by an orc

Illustrated notes

Levels and vault maps discovered:
D:1:      dpeg_arrival_rooms_a, layout_basic, serial_bayou_ford_a
D:2:      layout_rooms, basic_altar

Skill      XL: |  1 |
---------------+----+-----
Crossbows      | 4 |  4.3
Fighting       | |  2.2
Dodging        | |  1.9
Stealth        | |  0.8

Action                   || total
-------------------------++-------
 Fire: Hand crossbow     ||    66
  Use: Scroll            ||     2
Armor: Leather armour    ||    30
       Ring mail         ||    12
Dodge: Dodged            ||    47

Table legend: (Time is in decaauts)
 A = Elapsed time spent in this place.
 B = Non-inter-level travel time spent in this place.
 C = Inter-level travel time spent in this place.
 D = Time resting spent in this place.
 E = Time spent auto-exploring this place.
 F = Levels seen in this place.
 G = Mean time per level.
                   A        B        C        D        E       F      G
               +--------+--------+--------+--------+--------+-----+--------+
         Total |    749 |    717 |     32 |      0 |    573 |   2 |  374.5 |
       Dungeon |    749 |    717 |     32 |      0 |    573 |   2 |  374.5 |
               +--------+--------+--------+--------+--------+-----+--------+

Top non-repeatable levels by time:
     D:1: 743 daAuts
     D:2: 6 daAuts
